 Dungeon Crawl Stone Soup version 0.21-a0-417-g0adc95b (webtiles) character file.

55 Slyspawn the Charmwright (level 4, -1/29 HPs)
             Began as a Halfling Skald on Nov 3, 2017.
             Succumbed to Sigmund's poison
             ... on level 2 of the Dungeon.
             The game lasted 00:05:44 (2261 turns).

Slyspawn the Charmwright (Halfling Skald)           Turns: 2261, Time: 00:05:45

Health: -1/29      AC:  3    Str: 12    XL:     4   Next: 14%
Magic:  3/6        EV: 14    Int: 12    God:
Gold:   48         SH:  0    Dex: 13    Spells: 5/6 levels left

rFire    . . .     SeeInvis .   a - +1 short sword
rCold    . . .     Gourm    .   (shield restricted)
rNeg     . . .     Faith    .   b - +0 leather armour
rPois    .         Spirit   .   (no helmet)
rElec    .         Reflect  .   (no cloak)
rCorr    .         Harm     .   (no gloves)
MR       .....                  (no boots)
Stlth    +.........             (no amulet)
HPRegen  0.09/turn              l - ring of wizardry
MPRegen  0.10/turn              (no ring)

@: lethally poisoned (-1 -> -26)
A: mutation resistance 1
a: no special abilities


You were on level 2 of the Dungeon.
You were not hungry.

You visited 1 branch of the dungeon, and saw 2 of its levels.

You collected 48 gold pieces.

Inventory:

Hand Weapons
 a - a +1 short sword (weapon)
Armour
 b - a +0 leather armour (worn)
Jewellery
 l - a ring of wizardry (left hand)
Scrolls
 e - a scroll of remove curse
 h - a scroll of enchant armour {unknown}
 j - 2 scrolls of identify
 k - a scroll of blinking {unknown}
Potions
 g - a potion of flight {unknown}
Books
 c - a book of Battle

   Spells                             Type                      Level
   a - Infusion                       Charms                       1
   b - Shroud of Golubria             Charms/Translocation         2
   c - Song of Slaying                Charms                       2
   d - Spectral Weapon                Hexes/Charms                 3
   e - Regeneration                   Charms/Necromancy            3
Comestibles
 d - 2 bread rations
 f - a chunk of flesh
 i - 2 meat rations
 m - 2 royal jellies


   Skills:
 + Level 1.9 Fighting
 + Level 3.7 Short Blades
 - Level 1.6 Armour
 * Level 2.7 Dodging
 + Level 1.6 Spellcasting
 + Level 3.7 Charms


You had 5 spell levels left.
You knew the following spells:

 Your Spells              Type           Power        Failure   Level  Hunger
a - Infusion              Chrm           #...         3%          1    ##.....


Dungeon Overview and Level Annotations

Branches:
Dungeon (2/15)

Altars:
Kikubaaqudgha

Annotations:
D:2 Sigmund


Innate Abilities, Weirdness & Mutations

You are small and have problems with some larger weapons.
You are somewhat resistant to further mutation.


Message History

You feel sick. Something hits you.
You are more poisoned.
You feel sick. Something hits you.
* * * LOW HITPOINT WARNING * * *
You are more poisoned.
You bump into the rock wall.
* * * LOW HITPOINT WARNING * * *
You feel sick.
* * * LOW HITPOINT WARNING * * *
You feel sick. Something hits you.
* * * LOW HITPOINT WARNING * * *
You are more poisoned.
You bump into the rock wall.
You feel less confused.
* * * LOW HITPOINT WARNING * * *
You feel sick. Something barely misses you.
* * * LOW HITPOINT WARNING * * *
You feel sick.
You are no longer magically infusing your attacks.
You die...

..# #.# ########### #.# #.#
#..[......######.# #.#
#..............#'###### #.#
+.....................# #.#
###.....................# #.#
............##..........#####.#
# #.........##................#
# #>.....{..@........######## #
#.#############.#.......... # #
................... #
######............ #
###################....######.
# #.............<........# #. #
#................##..#.# #. #
#................##..#.# #. #
#############....##..#.# #.


There were no monsters in sight!

Vanquished Creatures
  2 adders (D:2)
  A dart slug (D:1)
  2 leopard geckos
  3 giant cockroaches
  2 goblins
  5 hobgoblins
  A quokka (D:2)
  2 ball pythons (D:1)
  2 bats (D:1)
  7 kobolds
  6 rats
33 creatures vanquished.

Notes
Turn   | Place    | Note
-------+----------+-------------------------------------------
     0 | D:1      | Slyspawn the Halfling Skald began the quest for the Orb.
     0 | D:1      | Reached XP level 1. HP: 14/14 MP: 3/3
   552 | D:1      | Reached XP level 2. HP: 10/19 MP: 0/4
  1080 | D:2      | Reached XP level 3. HP: 20/24 MP: 0/5
  1591 | D:2      | Found an ancient bone altar of Kikubaaqudgha.
  1766 | D:2      | Noticed Sigmund
  2249 | D:2      | Reached XP level 4. HP: 29/29 MP: 2/6
  2260 | D:2      | HP: 1/29 [poisoned by Sigmund]
  2261 | D:2      | Succumbed to Sigmund's poison

Vault maps used:
D:1:      lemuel_arrival_tunnels
D:2:      kiku_gazebo_garden_becter, chequers_ecumenical_altar_lobes,
          amethyst_killhole, uniq_sigmund

Skill      XL: |  1  2 |
---------------+-------+-----
Short Blades   | 3 |  3.7
Fighting       | |  1.9
Armour         | |  1.6
Dodging        | |  2.7
Spellcasting   | |  1.6
Charms         | |  3.7

Action                   |  1- 3 |  4- 6 || total
-------------------------+-------+-------++-------
Melee: Short sword       |   115 |       ||   115
 Cast: Infusion          |     6 |       ||     6
  Use: Scroll            |     5 |       ||     5
       Potion            |     2 |       ||     2
 Stab: Distracted        |     1 |       ||     1
  Eat: Chunk             |     4 |       ||     4
Armor: Leather armour    |    15 |     1 ||    16
Dodge: Dodged            |    80 |     1 ||    81

Table legend:
 A = Spawn XP
 B = Non-spawn XP
 C = Spawn XP percentage of total XP
 D = Spawn monster count
 E = Non-spawn monster count
 F = Spawn count percentage of total count
 G = Total turns spent on level
                    A         B        C        D         E        F      G
               +---------+---------+-------+---------+---------+-------+---------
         Total |       0 |      79 |   0.0 |       0 |      33 |   0.0 |  2261
               +---------+---------+-------+---------+---------+-------+---------
           D:1 |       0 |      25 |   0.0 |       0 |      14 |   0.0 |  1041
           D:2 |       0 |      54 |   0.0 |       0 |      19 |   0.0 |  1220
               +---------+---------+-------+---------+---------+-------+---------
